 Dungeon Crawl Stone Soup version 0.19-a0-1326-gee3fcf6 (webtiles) character file.

176 LORDOFBUTT the Shield-Bearer (level 5, -9/42 HPs)
             Began as a Formicid Fighter on Sept 1, 2016.
             Mangled by an ogre
             ... wielding a +0 giant club
              (18 damage)
             ... on level 4 of the Dungeon.
             The game lasted 00:02:40 (2581 turns).

LORDOFBUTT the Shield-Bearer (Formicid Fighter)     Turns: 2581, Time: 00:02:41

Health: -9/42      AC: 11    Str: 21    XL:     5   Next: 86%
Magic:  5/5        EV:  5    Int:  7    God:
Gold:   235        SH: 10    Dex: 11    Spells: 0 memorised, 4 levels left

rFire  . . .     SeeInvis +     a - +0 war axe
rCold  . . .     Gourm    .     s - +0 plate armour
rNeg   + . .     Faith    .     c - +0 shield
rPois  .         Spirit   .     (helmet unavailable)
rElec  .         Dismiss  .     (no cloak)
rCorr  .         Reflect  .     (no gloves)
MR     .....     Harm     .     (no boots)
Stlth  ..........               (no amulet)
                                v - ring of flight
                                u - ring of positive energy

@: no status effects
A: permanent stasis, dig shafts and tunnels, four strong arms, antennae 3
a: Dig, Shaft Self, Evoke Flight


You were on level 4 of the Dungeon.
You were not hungry.

You visited 1 branch of the dungeon, and saw 4 of its levels.

You collected 235 gold pieces.

Inventory:

Hand Weapons
 a - a +0 war axe (weapon)
Armour
 c - a +0 shield (worn)
 s - a +0 plate armour (worn)
Jewellery
 u - a ring of positive energy (left hand)
 v - a ring of flight (right hand)
Scrolls
 e - a scroll of fear {unknown}
 g - 9 scrolls of identify {unknown}
 i - a scroll of amnesia {unknown}
 j - a scroll of magic mapping {unknown}
 k - a scroll of immolation
 l - a scroll of enchant weapon {unknown}
 p - a scroll of blinking {unknown}
 q - 3 scrolls of remove curse {unknown}
 r - a scroll of fog {unknown}
Potions
 b - a potion of degeneration {unknown}
 d - a potion of might
 h - a potion of brilliance {unknown}
 m - a potion of haste {unknown}
 n - a potion of heal wounds {unknown}
 o - a potion of cancellation {unknown}
 t - a potion of mutation {unknown}
Comestibles
 f - 4 bread rations


   Skills:
 + Level 3.9 Fighting
 + Level 3.2 Axes
 + Level 4.1 Armour
 + Level 0.6 Dodging
 + Level 5.1 Shields


You had 4 spell levels left.
You didn't know any spells.

Dungeon Overview and Level Annotations

Branches:
Dungeon (4/15)
 Temple: D:4-7

Altars:
Cheibriados

Shops:
D:4 !:!


Innate Abilities, Weirdness & Mutations

You are under a permanent stasis effect.
You can dig through walls and to a lower floor.
Your four strong arms can wield two-handed weapons with a shield.
You have a pair of large antennae on your head. (SInv)


Message History

An ogre is nearby!
An ogre is nearby!
Found a glowing white potion.
The ogre hits you with a giant club!!
You hit the ogre.
The ogre is lightly wounded.
The ogre barely misses you.
You slash the ogre!
The ogre is heavily wounded.
The ogre hits you with a giant club!
Your shield and plate armour prevent you from hitting the ogre.
The ogre is heavily wounded.
The ogre hits you with a giant club!
* * * LOW HITPOINT WARNING * * *
You are too injured to fight recklessly!
Okay, then.
You hit the ogre but do no damage.
The ogre is heavily wounded.
The ogre hits you with a giant club!!
You die...

.................+
......................####
..............#.......'..#
..............#.......##.#
....... #...†........##.#
.......#+#<...........##.#
....................####.###
..../......................#
..........O@.....##.####.#.#
.!.........(........# #.#.#
### ..........####......#
#.#.# ...............#
#......# #.#.#
........###########......#
#.#.#
.........####...........
#.#.#
.........................
#.#.#
.....##≈≈.................#
#.# ...###≈≈
#≈...............# #.#


You could see an ogre.

Vanquished Creatures
  A hound (D:4)
  A worker ant (D:4)
  3 adders
  2 oozes
  2 worms (D:2)
  4 dart slugs
  4 giant geckos
  7 orcs (D:3)
  8 bats
  A giant cockroach (D:2)
  4 goblins (D:1)
  6 hobgoblins
  4 jackals (D:2)
  5 kobolds
  3 quokkas
  4 giant newts
  4 rats
63 creatures vanquished.

Notes
Turn   | Place    | Note
-------+----------+-------------------------------------------
     0 | D:1      | LORDOFBUTT the Formicid Fighter began the quest for the Orb.
     0 | D:1      | Reached XP level 1. HP: 18/18 MP: 1/1
    26 | D:1      | Reached XP level 2. HP: 22/24 MP: 2/2
   488 | D:1      | Reached XP level 3. HP: 29/29 MP: 3/3
   933 | D:2      | Reached skill level 4 in Shields
  1106 | D:2      | Reached XP level 4. HP: 31/35 MP: 4/4
  1345 | D:2      | Found a snail-covered altar of Cheibriados.
  2068 | D:3      | Reached XP level 5. HP: 29/42 MP: 5/5
  2344 | D:4      | Found Xotu's Distillery.
  2385 | D:4      | Found Uvukhleh's Book Emporium.
  2422 | D:4      | Reached skill level 5 in Shields
  2506 | D:4      | Found Goluig's Distillery.
  2570 | D:4      | Noticed an ogre
  2581 | D:4      | Mangled by an ogre

Vault maps used:
D:1:      minmay_arrival_shoal_huts, minmay_stone_trees_small
D:2:      cheibriados_altar_1, kennysheep_path_1
D:4:      grunt_temple_overflow_holy_war, nicolae_overflow_hidden_temple,
          serial_shops, nicolae_shop_behind_doors, shop, kennysheep_little_box,
          shop_statue, nicolae_shop_window_shopping, minivault_4

Skill      XL: |  1  2  3  4  5 |
---------------+----------------+-----
Shields        | 4 5 |  5.1
Armour         | 4 |  4.1
Axes           | 3 |  3.2
Fighting       | |  3.9
Dodging        | |  0.6

Action                   |  1- 3 |  4- 6 || total
-------------------------+-------+-------++-------
Melee: War axe           |   109 |   143 ||   252
  Use: Scroll            |     1 |       ||     1
  Eat: Meat ration       |       |     1 ||     1
       Beef jerky        |       |     1 ||     1
       Chunk             |       |     1 ||     1
Armor: Scale mail        |    45 |       ||    45
       Plate armour      |    44 |    76 ||   120
Dodge: Dodged            |    49 |    29 ||    78
Block: Shield            |    98 |    87 ||   185
